Map: Dash and Terminal LE (Void)

Players

wabbajack - Winner!

  • Race: Zerg Zerg
  • League: Gold

Midsummer

  • Race: Terran Terran
  • League: Grandmaster

VOD

Have the link to the VOD?

Description

Time

  • Played on: July 22, 2015, 2:58 a.m.
  • Length: 11:38
Show
View Real Time Build Order
Export as new Build Order

wabbajack Zerg - Winner!

Build Orders: Hatch First 

Get SALT Encoding   

  12  0:01  Drone  
  13  0:13  Overlord  
  13  0:23  Drone  
  14  0:32  Drone x2  
  16  0:36  Drone  
  17  0:57  Hatchery  
  17  0:59  Drone  
  17  1:02  Extractor  
  17  1:03  Drone  
  17  1:11  Drone  
  18  1:25  Spawning Pool  
  17  1:30  Drone x2  
  19  1:40  Overlord  
  19  1:51  Drone, Extractor  
  19  2:11  Drone  
  19  2:13  Metabolic Boost  
  19  2:15  Queen  
  22  2:16  Queen  
  22  2:21  Drone x2  
  26  2:23  Drone  
  27  2:48  Baneling Nest  
  27  2:50  Overlord  
  26  3:00  Zergling x2  
  26  3:01  Zergling x2  
  26  3:04  Zergling x2  
  26  3:05  Zergling x2  
  30  3:07  Zergling x2  
  30  3:11  Zergling x2  
  32  3:25  Spine Crawler  
  32  3:27  Spine Crawler  
  30  3:30  Spine Crawler  
  29  3:38  Baneling x2  
  29  3:41  Baneling  
  29  3:42  Baneling  
  29  3:46  Baneling x2  
  29  3:55  Roach Warren  
  28  4:20  Queen  
  30  4:24  Drone  
  30  4:25  Drone x8  
  36  4:54  Lair  
  36  4:57  Pneumatized Carapace  
  33  5:16  Overlord  
  33  5:17  Overlord  
  33  5:19  Drone x4  
  33  5:20  Drone x3  
  33  5:21  Drone  
  41  5:24  Zergling x6  
  44  5:35  Zergling x2  
  45  5:38  Roach x4  
  45  5:39  Roach  
  55  5:49  Overlord  
  55  6:03  Overlord  
  55  6:06  Glial Reconstitution  
  55  6:12  Zergling x2  
  55  6:13  Zergling x24  
  68  6:27  Baneling x2  
  68  6:30  Baneling x2  
  68  6:42  Overlord  
  68  6:46  Extractor  
  68  6:47  Drone x4  
  68  6:48  Extractor  
  68  6:49  Hatchery  
  68  6:53  Spine Crawler  
  55  7:39  Queen  
  55  7:40  Drone x3  
  55  7:41  Drone x3  
  55  7:42  Overlord x4  
  63  7:46  Drone x4  
  61  8:09  Baneling  
  59  8:42  Drone, Hydralisk Den  
  59  8:44  Spire  
  59  8:45  Evolution Chamber, Drone x10, Extractor  
  59  8:46  Drone x4, Extractor  
  69  8:48  Evolution Chamber  
  68  8:58  Lurker Den  
  68  9:00  Queen  
  70  9:03  Hatchery  
  70  9:09  Hatchery  
  68  9:12  Spore Crawler  
  68  9:15  Spore Crawler  
  66  9:28  Zergling x4  
  66  9:29  Zergling x10  
  73  9:31  Zergling x4  
  73  9:32  Zergling x10  
  73  9:37  Zerg Melee Weapons Level 1  
  80  9:38  Zerg Ground Armor Level 1  
  80  9:55  Drone  
  80  9:56  Drone x3  
  80  9:57  Drone x2, Overlord x3  
  80  9:58  Overlord  
  86  10:04  Baneling x2  
  86  10:05  Baneling  
  86  10:09  Baneling  
  78  10:46  Queen  
  80  10:52  Overlord x5  
  80  10:53  Mutalisk x7  
  80  10:54  Mutalisk x10  
  113  11:03  Extractor x2  
Show
View Real Time Build Order
Export as new Build Order

Midsummer Terran 

Build Orders:  

Get SALT Encoding   

  12  0:01  SCV  
  13  0:18  SCV  
  13  0:19  Supply Depot  
  14  0:35  SCV  
  15  0:44  Barracks  
  15  0:47  SCV  
  16  0:50  Refinery  
  16  0:59  SCV  
  16  1:02  Supply Depot  
  17  1:11  SCV  
  18  1:31  Orbital Command  
  18  1:33  Marine  
  19  1:41  Refinery  
  19  1:51  Factory  
  19  1:57  SCV  
  20  2:08  Barracks Reactor  
  20  2:09  SCV  
  21  2:21  SCV  
  22  2:33  SCV, Factory  
  23  2:40  Factory Reactor  
  22  2:45  SCV  
  22  2:47  Marine x2  
  25  2:55  Supply Depot  
  25  2:57  SCV  
  26  3:10  SCV  
  27  3:18  Hellion x2  
  31  3:20  Hellion  
  33  3:32  Command Center  
  33  3:37  SCV  
  34  3:46  Supply Depot  
  34  3:49  SCV  
  35  4:01  Hellion x2  
  39  4:03  Factory Tech Lab  
  37  4:19  SCV  
  34  4:27  Siege Tank  
  37  4:31  SCV  
  37  4:35  Supply Depot  
  38  4:44  SCV, Infernal Pre-Igniter  
  18  4:56  SCV  
  13  5:11  SCV  
  14  5:27  SCV  
  15  5:31  SCV  
  16  5:41  SCV  
  17  5:44  SCV  
  18  5:56  SCV  
  18  5:57  SCV  
  20  6:07  Marine  
  20  6:09  SCV  
  22  6:15  SCV, Starport  
  23  6:21  SCV  
  24  6:29  Orbital Command  
  24  6:33  SCV  
  24  6:39  Hellion  
  27  6:45  SCV  
  28  6:51  Hellion  
  28  6:57  SCV  
  29  7:02  Starport Reactor  
  29  7:09  SCV  
  22  7:21  SCV  
  13  7:30  Hellion  
  13  7:31  Hellion x2  
  13  7:33  SCV x2  
  15  7:46  SCV  
  15  7:47  Marine x2  
  17  7:51  Hellion  
  17  7:56  Hellion  
  19  8:11  SCV  
  15  8:13  Hellion  
  16  8:25  SCV  
  10  8:30  Hellion  
  10  8:34  Hellion  
  9  9:02  Siege Tank  
  12  9:03  Orbital Command  
  14  9:14  SCV  
  13  9:26  SCV  
  14  9:34  SCV  
  14  9:36  Liberator  
  15  9:46  SCV  
  16  9:59  SCV  
  21  10:00  SCV  
  21  10:11  SCV  
  22  10:14  SCV  
  23  10:26  SCV  
  13  10:49  Hellion  
  8  11:10  Hellion  
Tags
 
Add a new tag
Caveats
  • Supply blocks, unpowered buildings, or Contaminate may cause inaccurate times.
  • Supply counts are checked every 10 seconds.